 Dungeon Crawl Stone Soup version 0.31-a0-1611-g890cdf5628 (webtiles) character file.

Game seed: 17184589597046612202

296 bobo the Skirmisher (level 6, -5/51 HPs)
             Began as a Gnoll Hunter on Jan 9, 2024.
             Was a Believer of Qazlal.
             Slain by Grinder (7 damage)
             ... on level 3 of the Dungeon.
             The game lasted 00:06:09 (2221 turns).

bobo the Skirmisher (Gnoll Hunter)                  Turns: 2221, Time: 00:06:10

Health: -5/51      AC:  3    Str: 11    XL:     6   Next: 34%
Magic:  9/9        EV: 14    Int:  8    God:    Qazlal [**....]
Gold:   97         SH:  2    Dex: 17    Spells: 9/9 levels left

rFire   + . .        i - +0 long sword
rCold   + . .        (no shield)
rNeg    . . .        c - +0 leather armour
rPois   .            (no helmet)
rElec   .            n - scarf {rC+ rF+}
rCorr   .            (no gloves)
SInv    .            (no boots)
Will    +....        (no amulet)
Stlth   ++           (no ring)
HPRegen 0.28/turn    (no ring)
MPRegen 0.11/turn

%: no passive effects
@: mighty, on berserk cooldown, enlightened, flying, slowed, very slow
A: fangs 1, strong nose, distributed training
a: Renounce Religion, Upheaval


You were on level 3 of the Dungeon.
You worshipped Qazlal.
Qazlal was pleased with you.
You visited 1 branch of the dungeon, and saw 3 of its levels.
You also visited: Sewer.

You collected 97 gold pieces.

Inventory:

Hand Weapons
 a - a +0 shortbow
 i - a +0 long sword (weapon)
Armour
 c - a +0 leather armour (worn)
 g - a +0 kite shield
 n - a scarf of resistance (worn)
Jewellery
 k - a ring of fire
Scrolls
 b - a scroll of butterflies
 d - 2 scrolls of poison
 e - a scroll of enchant weapon {unknown}
 j - a scroll of blinking {unknown}
 l - a scroll of revelation {unknown}
 p - a scroll of enchant armour {unknown}
 r - a scroll of immolation
 s - 4 scrolls of teleportation {unknown}
Potions
 f - a potion of curing
 o - a potion of invisibility {unknown}


   Skills:
 + Level 5.0 Fighting
 + Level 2.0 Short Blades
 + Level 2.0 Long Blades
 + Level 2.0 Axes
 + Level 2.0 Maces & Flails
 + Level 2.0 Polearms
 + Level 2.0 Staves
 + Level 8.7 Ranged Weapons
 + Level 2.0 Throwing
 + Level 2.0 Armour
 + Level 5.0 Dodging
 + Level 3.1 Stealth
 + Level 2.0 Shields
 + Level 2.0 Unarmed Combat
 + Level 2.0 Spellcasting
 + Level 1.5 Conjurations
 + Level 1.5 Hexes
 + Level 1.5 Summonings
 + Level 1.5 Necromancy
 + Level 1.5 Translocations
 + Level 1.5 Fire Magic
 + Level 1.5 Ice Magic
 + Level 1.5 Air Magic
 + Level 1.5 Earth Magic
 + Level 1.5 Alchemy
 + Level 2.2 Invocations
 + Level 2.0 Evocations
 + Level 1.8 Shapeshifting


You had 9 spell levels left.
You didn't know any spells.
Your spell library contained the following spells:

 Spells                   Type           Power      Damage    Failure   Level
 Call Canine Familiar     Summ           3%         N/A       58%         3
 Sigil of Binding         Hex            3%         N/A       58%         3
 Dimensional Bullseye     Hex/Tloc       1%         N/A       94%         4


Dungeon Overview and Level Annotations

Branches:
Dungeon (3/15)              Sewer (visited)

Altars:
Qazlal
Vehumet

Shops:
D:1 *

Annotations:
D:3 1 exclusion, Grinder


Innate Abilities, Weirdness & Mutations

You have very sharp teeth.
Your uncanny sense of smell can sniff out nearby items.
Your experience applies equally to all skills.


Message History

You are too injured to fight recklessly!
Okay, then.
Unknown command.
i - a +0 long sword (weapon)
Grinder hits you!
* * * LOW HITPOINT WARNING * * *
You writhe in agony.
* * * LOW HITPOINT WARNING * * *
A red film seems to cover your vision as you go berserk!
You feel yourself moving faster!
You feel mighty!
Grinder blinks!
You feel a strong urge to attack something.
There is an open door here.
Found a helmet.
You feel your anger nearly subside.
You completely miss Grinder. You bite Grinder.
Grinder is severely wounded.
You block Grinder's attack.
You closely miss Grinder.
Grinder is severely wounded.
Grinder closely misses you.
You slash Grinder! Your bite misses Grinder.
Grinder is almost dead.
You are no longer berserk.
You are exhausted.
You feel yourself slow down. Grinder gestures at you.
Pain shoots through your body!
* * * LOW HITPOINT WARNING * * *
It was a potion of enlightenment.
You feel very buoyant.
You fly up into the air.
Grinder hits you.
* * * LOW HITPOINT WARNING * * *
You writhe in agony.
* * * LOW HITPOINT WARNING * * *
It was a potion of might.
You feel very mighty all of a sudden. Grinder gestures at you.
You resist with almost no effort. Grinder hits you!
You die...
Grinder sighs, "Dead already?
I want a refund."

###†##...##..##..##.#.#
.....^.......##..##.#)#
###.##...##.###.......#
# # ##.###.# #.###...#
# #.# #.###.# ###.# #
#.# #....[# #.# #
##'######### #.# ##
##...## #####.###.
#....@# #.........
#......5# #.###.##..
#.........# ...##.##..
+.........+ ...........
#.........# #..........
##.......## #.........
##.....## ##..#~..#..
##[..## #...~~~~~..
#.#~~~~~~~#


You could see Grinder.

Vanquished Creatures
  A crocodile (Sewer)
  A brain worm (Sewer)
  Terence (D:2)
  4 adders (D:2)
  2 ufetubi (D:3)
  10 orcs
  6 ball pythons
  7 endoplasms
  3 giant cockroaches
  5 goblins
  8 hobgoblins
  7 bats
  3 frilled lizards
  3 kobolds
  8 rats
69 creatures vanquished.

Notes
Turn   | Place    | Note
-------+----------+-------------------------------------------
     0 | D:1      | bobo the Gnoll Hunter began the quest for the Orb.
     0 | D:1      | Reached XP level 1. HP: 20/20 MP: 1/1
    25 | D:1      | Found Koobriunk's Assorted Antiques.
   144 | D:1      | Reached XP level 2. HP: 26/26 MP: 2/2
   705 | D:2      | Found a radiant altar of Vehumet.
   814 | D:2      | Reached XP level 3. HP: 31/31 MP: 2/4
   924 | D:2      | Reached skill level 1 in Invocations
   977 | D:2      | Reached skill level 1 in Short Blades
   977 | D:2      | Reached skill level 1 in Long Blades
   977 | D:2      | Reached skill level 1 in Axes
   977 | D:2      | Reached skill level 1 in Maces & Flails
   977 | D:2      | Reached skill level 1 in Polearms
   977 | D:2      | Reached skill level 1 in Staves
   977 | D:2      | Reached skill level 1 in Throwing
   977 | D:2      | Reached skill level 1 in Armour
   977 | D:2      | Reached skill level 1 in Shields
   977 | D:2      | Reached skill level 1 in Unarmed Combat
   977 | D:2      | Reached skill level 1 in Spellcasting
   977 | D:2      | Reached skill level 1 in Evocations
  1023 | D:2      | Found a faded altar of an unknown god.
  1098 | D:2      | Prayed at the altar of an unknown god.
  1098 | D:2      | Became a worshipper of Qazlal Stormbringer
  1098 | D:2      | Reached * piety under Qazlal
  1147 | D:2      | Noticed Terence
  1162 | D:2      | Reached skill level 1 in Shapeshifting
  1162 | D:2      | Reached XP level 4. HP: 25/38 MP: 5/5
  1169 | D:2      | Killed Terence
  1170 | D:2      | Reached skill level 1 in Conjurations
  1170 | D:2      | Reached skill level 1 in Hexes
  1170 | D:2      | Reached skill level 1 in Summonings
  1170 | D:2      | Reached skill level 1 in Necromancy
  1170 | D:2      | Reached skill level 1 in Translocations
  1170 | D:2      | Reached skill level 1 in Fire Magic
  1170 | D:2      | Reached skill level 1 in Ice Magic
  1170 | D:2      | Reached skill level 1 in Air Magic
  1170 | D:2      | Reached skill level 1 in Earth Magic
  1170 | D:2      | Reached skill level 1 in Alchemy
  1922 | D:3      | Reached XP level 5. HP: 38/43 MP: 7/7
  1939 | D:3      | Reached ** piety under Qazlal
  1976 | D:3      | Found a glowing drain.
  1988 | Sewer    | Entered a sewer
  2066 | Sewer    | Noticed a crocodile
  2073 | Sewer    | Killed a crocodile
  2074 | Sewer    | Reached skill level 5 in Fighting
  2074 | Sewer    | Reached skill level 5 in Dodging
  2074 | Sewer    | Reached XP level 6. HP: 51/51 MP: 7/9
  2194 | D:3      | Noticed Grinder
  2197 | D:3      | Paralysed by Grinder for 4 turns
  2207 | D:3      | Paralysed by Grinder for 4 turns
  2220 | D:3      | HP: 2/51 [Grinder (6)]
  2221 | D:3      | Slain by Grinder

Illustrated notes

Levels and vault maps discovered:
D:1:      grunt_arrival_crossed_arrows, layout_basic, serial_shops, shop,
          minivault_23, st_stairs_3, minmay_octomino_c4
D:2:      layout_basic, basic_altar, shapermc_ecumenical_altar_hornbeckon,
          kennysheep_potato, uniq_terence
D:3:      minmay_door_path, layout_loops_corners,
          amethyst_overflow_temple_binary, cheibrodos_sewer_entry_drain,
          uniq_grinder

Skill      XL: |  1  2  3  4  5 |
---------------+----------------+-----
Invocations    | 1 2 |  2.2
Short Blades   | 1 2 |  2.0
Long Blades    | 1 2 |  2.0
Axes           | 1 2 |  2.0
Maces & Flails | 1 2 |  2.0
Polearms       | 1 2 |  2.0
Staves         | 1 2 |  2.0
Throwing       | 1 2 |  2.0
Armour         | 1 2 |  2.0
Shields        | 1 2 |  2.0
Unarmed Combat | 1 2 |  2.0
Spellcasting   | 1 2 |  2.0
Evocations     | 1 2 |  2.0
Shapeshifting  | 1 |  1.8
Conjurations   | 1 |  1.5
Hexes          | 1 |  1.5
Summonings     | 1 |  1.5
Necromancy     | 1 |  1.5
Translocations | 1 |  1.5
Fire Magic     | 1 |  1.5
Ice Magic      | 1 |  1.5
Air Magic      | 1 |  1.5
Earth Magic    | 1 |  1.5
Alchemy        | 1 |  1.5
Fighting       | 5 |  5.0
Dodging        | 5 |  5.0
Stealth        | 3 |  3.1
Ranged Weapons | |  8.7

Action                     |  1- 3 |  4- 6 || total
---------------------------+-------+-------++-------
  Melee: Long sword        |       |     3 ||     3
         Bite              |       |     1 ||     1
   Fire: Shortbow          |    65 |   109 ||   174
 Invoke: Upheaval          |       |     1 ||     1
    Use: Potion            |     2 |     3 ||     5
         Scroll            |       |     3 ||     3
 Armour: Leather armour    |     5 |    28 ||    33
  Dodge: Dodged            |    14 |    38 ||    52
  Block: Other             |       |     5 ||     5

Table legend: (Time is in decaauts)
 A = Elapsed time spent in this place.
 B = Non-inter-level travel time spent in this place.
 C = Inter-level travel time spent in this place.
 D = Time resting spent in this place.
 E = Time spent auto-exploring this place.
 F = Levels seen in this place.
 G = Mean time per level.
                   A        B        C        D        E       F      G
               +--------+--------+--------+--------+--------+-----+--------+
         Total |   2240 |   2096 |    144 |    108 |   1536 |   4 |  560.0 |
       Dungeon |   2095 |   1951 |    144 |    108 |   1429 |   3 |  698.3 |
         Sewer |    144 |    144 |      0 |      0 |    107 |   1 |  144.0 |
               +--------+--------+--------+--------+--------+-----+--------+

Top non-repeatable levels by time:
     D:2: 1088 daAuts
     D:1: 688 daAuts
     D:3: 318 daAuts
   Sewer: 144 daAuts
